Map: Lightshade LE

Players

Astrea

  • Race: Protoss Protoss
  • League: Master

Neeb - Winner!

  • Race: Protoss Protoss

Event: DreamHack SC2 Masters 2021 Summer

VOD

Have the link to the VOD?

Description

Time

  • Played on: June 5, 2021, 4:23 p.m.
  • Length: 10:53

All games in this series

Show
View Real Time Build Order
Export as new Build Order

Astrea Protoss 

Build Orders: Phoenix Opening 

Get SALT Encoding   

  12  0:00  Probe  
  13  0:12  Probe  
  14  0:17  Pylon  
  14  0:24  Probe  
  15  0:36  Probe (Chrono Boost), Gateway  
  16  0:46  Probe (Chrono Boost), Assimilator  
  17  0:51  Probe (Chrono Boost)  
  17  0:54  Assimilator  
  18  1:03  Probe (Chrono Boost)  
  19  1:07  Gateway  
  19  1:13  Probe (Chrono Boost)  
  20  1:18  Probe (Chrono Boost)  
  20  1:23  Cybernetics Core  
  21  1:29  Probe  
  22  1:36  Pylon  
  22  1:41  Probe  
  23  1:54  Gateway  
  23  1:56  Warp Gate (Chrono Boost)  
  23  2:00  Stalker  
  25  2:05  Stalker  
  27  2:09  Probe  
  27  2:15  Pylon  
  28  2:26  Shield Battery  
  28  2:30  Stalker  
  28  2:35  Stalker  
  32  2:42  Stalker  
  34  3:05  Shield Battery  
  34  3:12  Sentry  
  36  3:16  Nexus  
  35  3:21  Probe  
  35  3:26  Pylon  
  36  3:33  Probe  
  37  3:45  Probe  
  37  3:46  Twilight Council, Sentry  
  40  3:49  Phoenix  
  40  3:50  Sentry  
  42  3:57  Probe  
  43  4:02  Pylon  
  43  4:06  Stalker  
  46  4:10  Probe  
  46  4:17  Blink (Chrono Boost)  
  46  4:22  Probe, Phoenix  
  47  4:29  Stalker  
  51  4:41  Adept x2  
  53  4:45  Probe  
  53  4:46  Probe  
  55  4:56  Probe  
  53  5:00  Probe  
  53  5:02  Shield Battery  
  53  5:05  Probe  
  55  5:12  Probe  
  55  5:13  Forge  
  57  5:19  Probe  
  58  5:23  Pylon  
  58  5:24  Probe  
  58  5:27  Stalker  
  61  5:31  Phoenix  
  61  5:32  Probe  
  61  5:35  Robotics Facility  
  62  5:39  Protoss Ground Weapons Level 1 (Chrono Boost)  
  62  5:40  Probe  
  61  5:44  Probe  
  62  5:53  Probe  
  62  5:56  Probe  
  64  6:05  Probe  
  64  6:08  Probe  
  64  6:09  Pylon  
  64  6:10  Nexus  
  66  6:17  Probe  
  65  6:19  Phoenix  
  65  6:20  Probe  
  66  6:25  Immortal (Chrono Boost)  
  66  6:29  Probe  
  66  6:31  Stalker x2  
  75  6:33  Probe  
  75  6:35  Assimilator  
  75  6:37  Shield Battery  
  76  6:42  Probe, Pylon  
  78  6:47  Probe  
  78  6:51  Gateway  
  78  7:00  Probe, Observer  
  80  7:03  Probe  
  80  7:08  Stalker x2  
  85  7:09  Pylon  
  85  7:12  Probe  
  85  7:13  Pylon  
  80  7:24  Protoss Ground Weapons Level 2 (Chrono Boost)  
  80  7:28  Probe  
  71  7:32  Stalker x2  
  71  7:33  Probe x2  
  77  7:40  Probe  
  77  7:42  Immortal (Chrono Boost)  
  78  7:45  Probe  
  78  7:50  Stalker  
  78  7:51  Probe  
  84  7:59  Stalker x2  
  84  8:00  Probe  
  84  8:03  Probe  
  84  8:14  Gateway  
  88  8:20  Charge (Chrono Boost), Gateway  
  88  8:21  Assimilator  
  88  8:22  Gateway  
  88  8:27  Warp Prism (Chrono Boost)  
  88  8:33  Probe  
  87  8:35  Stalker x3  
  87  8:38  Pylon  
  93  8:42  Observer  
  93  8:45  Nexus  
  93  8:58  Templar Archives  
  93  9:00  Gateway x2  
  93  9:01  Stalker  
  95  9:05  Observer, Shield Battery  
  95  9:08  Zealot x2  
  99  9:11  Stalker  
  99  9:15  Probe x3  
  99  9:16  Zealot  
  106  9:22  Pylon  
  106  9:25  Zealot x2  
  106  9:29  Zealot x2  
  114  9:39  High Templar x2  
  114  9:43  Archon  
  107  9:56  Zealot x6  
  100  10:02  Immortal (Chrono Boost)  
  104  10:12  Stalker x2  
  100  10:17  Zealot x6  
  50  10:35  Stalker  
  50  10:36  Zealot  
  50  10:37  Zealot x6  
Show
View Real Time Build Order
Export as new Build Order

Neeb Protoss - Winner!

Build Orders: Oracle Opening 

Get SALT Encoding   

  12  0:00  Probe  
  13  0:12  Probe  
  14  0:17  Pylon  
  14  0:24  Probe (Chrono Boost)  
  15  0:36  Probe (Chrono Boost)  
  15  0:37  Gateway  
  16  0:45  Probe (Chrono Boost)  
  16  0:46  Assimilator  
  17  0:50  Probe  
  18  0:57  Assimilator  
  18  1:03  Probe (Chrono Boost)  
  19  1:08  Gateway  
  19  1:13  Probe (Chrono Boost)  
  19  1:18  Probe (Chrono Boost)  
  21  1:27  Cybernetics Core  
  21  1:29  Probe  
  22  1:34  Pylon  
  22  1:41  Probe  
  23  1:54  Probe  
  24  2:03  Stalker x2  
  24  2:04  Warp Gate  
  28  2:13  Pylon  
  28  2:17  Probe  
  29  2:28  Pylon  
  29  2:33  Stalker x2  
  33  2:42  Shield Battery  
  33  2:47  Stargate  
  33  2:58  Shield Battery  
  33  3:00  Shield Battery  
  33  3:09  Stalker  
  33  3:10  Stalker  
  37  3:23  Pylon  
  37  3:38  Nexus  
  37  3:47  Oracle (Chrono Boost)  
  37  3:55  Sentry  
  42  4:00  Stalker  
  42  4:02  Probe  
  45  4:12  Pylon  
  45  4:15  Probe  
  46  4:27  Probe  
  47  4:33  Twilight Council  
  47  4:38  Stalker  
  47  4:39  Probe (Chrono Boost)  
  47  4:41  Stalker  
  52  4:51  Probe x2 (Chrono Boost)  
  54  4:59  Probe x2 (Chrono Boost)  
  56  5:04  Probe (Chrono Boost)  
  56  5:06  Probe, Forge  
  58  5:10  Sentry  
  60  5:16  Probe, Blink (Chrono Boost)  
  61  5:21  Assimilator  
  61  5:22  Probe  
  62  5:28  Probe  
  62  5:30  Pylon  
  62  5:34  Probe  
  64  5:39  Protoss Ground Weapons Level 1 (Chrono Boost)  
  64  5:40  Probe  
  65  5:50  Nexus  
  65  5:54  Pylon  
  65  5:55  Probe  
  65  5:56  Probe  
  67  6:04  Gateway  
  67  6:06  Gateway  
  67  6:09  Probe  
  68  6:17  Probe  
  69  6:21  Robotics Facility  
  69  6:22  Stalker  
  69  6:23  Stalker  
  73  6:29  Probe  
  73  6:32  Shield Battery  
  73  6:34  Probe  
  73  6:36  Pylon  
  74  6:41  Probe  
  74  6:46  Stalker x2  
  79  6:49  Probe  
  81  6:58  Gateway  
  81  7:00  Gateway, Stalker  
  83  7:02  Stalker  
  83  7:05  Probe  
  83  7:06  Probe  
  83  7:08  Probe, Charge (Chrono Boost)  
  87  7:12  Observer  
  88  7:20  Probe  
  87  7:23  Probe  
  87  7:28  Protoss Ground Weapons Level 2 (Chrono Boost)  
  87  7:29  Probe  
  79  7:31  Stalker x4  
  87  7:37  Gateway  
  87  7:39  Gateway  
  87  7:41  Probe  
  87  7:43  Probe x2  
  90  7:49  Assimilator  
  90  7:53  Warp Prism  
  84  8:07  Probe  
  84  8:08  Probe x2  
  87  8:14  Sentry  
  87  8:15  Zealot x4, Sentry  
  87  8:18  Nexus  
  99  8:20  Pylon  
  99  8:29  Templar Archives  
  99  8:30  Pylon  
  99  8:35  Pylon  
  99  8:39  Zealot x3  
  99  8:40  Zealot  
  107  8:48  Zealot x4  
  115  8:59  Pylon  
  115  9:02  Photon Cannon  
  115  9:04  Pylon  
  115  9:08  High Templar x2, Zealot x3  
  125  9:12  Archon  
  125  9:18  Zealot x3  
  131  9:32  Probe x2  
  131  9:33  Probe, High Templar x2  
  131  9:35  Zealot  
  131  9:37  Archon  
  140  9:39  Zealot x3  
  140  9:42  Zealot x2  
  150  9:52  Probe  
  145  9:57  Probe  
  128  10:01  Stalker x4  
  132  10:08  Stalker x4  
  132  10:11  Probe x3  
  132  10:12  Probe  
  138  10:17  Robotics Bay  
  114  10:28  Zealot x4  
  114  10:32  Gateway  
  114  10:33  Gateway  
  114  10:35  Gateway  
  116  10:41  Gateway  
  112  10:45  Zealot x4  
Tags
 
Add a new tag
Caveats
  • Supply blocks, unpowered buildings, or Contaminate may cause inaccurate times.
  • Supply counts are checked every 10 seconds.